 Dungeon Crawl Stone Soup version 0.28-a0-851-g8b9cc49659 (webtiles) character file.

Game seed: 15004359699278312533

2870 mandarbmax the Destroyer (level 9, 0/58 (62) HPs)
             Began as a Yellow Draconian Fire Elementalist on Nov 14, 2021.
             Was an Initiate of Gozag.
             Killed from afar by a deep elf pyromancer (14 damage)
             ... with a bolt of fire
             ... on level 8 of the Dungeon.
             The game lasted 00:23:13 (9163 turns).

mandarbmax the Destroyer (DrFE)                     Turns: 9163, Time: 00:23:14

HP:   0/58 (62)     AC: 14    Str: 11    XL:     9   Next: 47%
MP:   6/13          EV: 12    Int: 19    God:    Gozag
Gold: 522           SH:  0    Dex: 11    Spells: 7/14 levels left

rFire   . . .      SeeInvis .   b - +3 dagger (elec)
rCold   . . .      Faith    .   (no shield)
rNeg    . . .      Spirit   .   (armour unavailable)
rPois   .          Reflect  .   (helmet restricted)
rElec   .          Harm     .   (no cloak)
rCorr   +          Rampage  .   i - +1 pair of gloves
Will    .....                   m - +0 pair of boots
Stlth   ++........              (no amulet)
HPRegen 0.19/turn               r - +4 ring of protection
MPRegen 0.13/turn               (no ring)

@: about to teleport, short of breath, drained
A: spit acid, AC +7, unfitting armour, cold-blooded, acid resistance
a: Breathe Acid, Renounce Religion, Potion Petition, Call Merchant, Bribe Branch


You were on level 8 of the Dungeon.
You worshipped Gozag.
Gozag was pleased with you.
You visited 2 branches of the dungeon, and saw 9 of its levels.

You collected 711 gold pieces.
You spent 123 gold pieces at shops.
You paid 66 gold pieces to Gozag.

Inventory:

Hand Weapons
 b - a +3 dagger of electrocution (weapon)
Armour
 i - a +1 pair of gloves (worn)
 m - a +0 pair of boots (worn)
 x - a +0 kite shield
Jewellery
 r - a +4 ring of protection (left hand)
 u - a ring of flight
Wands
 n - a wand of paralysis (4)
 o - a wand of digging (4)
 t - a wand of flame (20)
 w - a wand of polymorph (6)
Scrolls
 e - 2 scrolls of fog
 h - a scroll of torment {unknown}
 k - a scroll of brand weapon
 l - a scroll of noise
 q - a scroll of enchant weapon
 s - a scroll of magic mapping
 v - a scroll of fear {unknown}
Potions
 a - a potion of brilliance
 d - a potion of resistance
 g - 4 potions of curing
 j - 2 potions of lignification {unknown}
 p - 3 potions of heal wounds


   Skills:
 - Level 2.0 Dodging
 - Level 1.7 Stealth
 - Level 3.0 Spellcasting
 + Level 12.8 Conjurations
 - Level 3.0 Fire Magic


You had 7 spell levels left.
You knew the following spells:

 Your Spells              Type           Power      Damage    Failure   Level
a - Foxfire               Conj/Fire      100%       2x1d9     1%          1
b - Scorch                Fire           28%        2d6       7%          2
c - Flame Wave            Conj/Fire      32%        3d7       6%          4

Your spell library contained the following spells:

 Spells                   Type           Power      Damage    Failure   Level
 Conjure Flame            Conj/Fire      32%        6-21      1%          3
 Animate Skeleton         Necr           4%         N/A       16%         1
 Apportation              Tloc           4%         N/A       16%         1
 Sandblast                Erth           4%         2d4       16%         1
 Slow                     Hex            8%         N/A       16%         1
 Sublimation of Blood     Necr           2%         N/A       22%         2
 Inner Flame              Hex/Fire       8%         N/A       24%         3
 Irradiate                Conj/Tmut      13%        3d17      30%         5
 Confusing Touch          Hex            2%         N/A       41%         3
 Vampiric Draining        Necr           2%         2d6       41%         3
 Petrify                  Tmut/Erth      2%         N/A       83%         4
 Iron Shot                Conj/Erth      13%        9d3       86%         6
 Blade Hands              Tmut           1%         N/A       99%         5
 Animate Armour           Summ/Erth      Unusable   N/A       N/A         4

Dungeon Overview and Level Annotations

Branches:
Dungeon (8/15)             Temple (1/1) D:5
   Lair: D:8-11

Altars:
Ashenzari
Cheibriados
Dithmenos
Elyvilon
Fedhas
Gozag
Hepliaklqana
Kikubaaqudgha
Makhleb
Nemelex Xobeh
Okawaru
Qazlal
Ru
Sif Muna
Trog
Uskayaw
Vehumet
Wu Jian
Xom
Yredelemnul
The Shining One

Shops:
D:3 ?   D:6 :

Annotations:
D:4 1 runed translucent door, croobank's ghost, amateur DsDe


Innate Abilities, Weirdness & Mutations

You can spit globs of acid.
Your golden yellow scales are hard. (AC +7)
You cannot fit into any form of body armour.
You are cold-blooded and may be slowed by cold attacks.
You are resistant to acid. (rCorr)


Message History

The wight is severely damaged.
The wight hits you with a +4 battleaxe!
You feel drained.
Okay, then.
As you read the scroll labelled MEITTORCHUA, it crumbles to dust.
You hear a loud clanging noise!
It was a scroll of noise.
You hear a shout!
You hear an angry hiss.
You hear a shout!
As you read the scroll labelled YSOYNL KAVOF, it crumbles to dust.
It is a scroll of enchant weapon.
Your +2 dagger of electrocution glows red for a moment.
As you read the scroll labelled WAELOTR LAHICEBB, it crumbles to dust.
The scroll dissolves into smoke.
It was a scroll of fog.
The wight is no longer more vulnerable to fire.
The deep elf pyromancer hits you but does no damage.
As you read the scroll labelled ENEYC YRIOQ, it crumbles to dust.
The creatures around you are filled with an inner flame!
It was a scroll of immolation.
The deep elf pyromancer gestures at you while chanting.
The bolt of fire hits you!!
* * * LOW HITPOINT WARNING * * *
As you read the scroll labelled PAZIX EMUPH, it crumbles to dust.
You feel strangely unstable.
It was a scroll of teleportation.
The deep elf pyromancer hits you but does no damage.
The deep elf pyromancer points at you and mumbles some strange words.
The bolt of fire misses you.
Casting: Scorch (safe; 7% risk of failure)
Confirm with . or Enter, or press ? or * to list all spells.
Okay, then.
Casting: Scorch (safe; 7% risk of failure)
Confirm with . or Enter, or press ? or * to list all spells.
Flames lash the deep elf pyromancer.
Flame seeps out of the deep elf pyromancer.
The deep elf pyromancer is lightly wounded.
The deep elf pyromancer's fire resistance burns away.
The deep elf pyromancer is engulfed in blazing flames.
Flame seeps out of the deep elf pyromancer.
The deep elf pyromancer points at you and mumbles some strange words.
The bolt of fire hits you!
You die...
Your body crumbles into a pile of gold.

. #.###......#).##..##....#
#.#........#........##....#
......#..###.<..#.........
#........##...>....##...#
#.........[..#.....# ....
#.....##.....###.#.......
#.....§§..##......<....
####..§§########.......
#..##§@§ez§.###......
#..#########.....e.... #.#
####$...... ... .......
..## ....... .( 8......
...#### ...# ####


You could see a deep elf pyromancer (inner flame, combustible) and a wight
(inner flame).

Vanquished Creatures
  A hornet (D:8)
  A steam dragon (D:8)
  2 water moccasins
  An ice beast (D:8)
  An orc warrior (D:7)
  2 sky beasts
  An ogre (D:6)
  2 centaurs
  A kobold brigand (D:6)
  3 bullfrogs
  3 scorpions
  4 killer bees (D:8)
  5 wights
  A howler monkey (D:4)
  A hound (D:5)
  2 jellies
  2 orc priests
  A centaur zombie (D:7)
  A bullfrog skeleton (D:6)
  A centaur skeleton (D:5)
  2 iguanas
  4 orc wizards
  A hound zombie (D:4)
  5 gnolls
  8 adders
  3 ufetubi
  A worm (D:2)
  17 orcs
  4 bats
  4 endoplasms
  3 giant cockroaches
  2 goblins
  4 hobgoblins
  2 quokkas
  6 ball pythons
  2 frilled lizards
  A jackal skeleton (D:4)
  9 kobolds
  5 rats
119 creatures vanquished.

Vanquished Creatures (collateral kills)
  A hornet (D:7)
  A bullfrog zombie (D:7)
  An orc wizard (D:7)
  2 orcs (D:7)
5 creatures vanquished.

Vanquished Creatures (others)
  A demonic plant (D:2)
  388 foxfires
  A withered plant (D:8)
390 creatures vanquished.

Grand Total: 514 creatures vanquished

Notes
Turn   | Place    | Note
-------+----------+-------------------------------------------
     0 | D:1      | mandarbmax the Draconian Fire Elementalist began the quest
                  | for the Orb.
     0 | D:1      | Reached XP level 1. HP: 14/14 MP: 3/3
   393 | D:1      | Reached XP level 2. HP: 19/20 MP: 5/5
  1373 | D:2      | Found a faded altar of an unknown god.
  1373 | D:2      | Noticed a soul eater
  1454 | D:2      | Reached skill level 2 in Conjurations
  1456 | D:2      | Reached XP level 3. HP: 22/26 MP: 6/6
  2289 | D:3      | Reached XP level 4. HP: 33/33 MP: 8/8
  2292 | D:3      | Learned a level 2 spell: Scorch
  2297 | D:3      | Learned a level 4 spell: Flame Wave
  2377 | D:3      | Found Seis's Magic Scroll Shoppe.
  2385 | D:3      | Bought a scroll of summoning for 123 gold pieces
  2447 | D:3      | Noticed a sky beast
  2459 | D:3      | Killed a sky beast
  2460 | D:3      | Reached skill level 4 in Conjurations
  2460 | D:3      | Reached XP level 5. HP: 32/38 MP: 0/9
  3133 | D:4      | Reached skill level 5 in Conjurations
  3276 | D:4      | Found a runed translucent door.
  3276 | D:4      | Noticed croobank's ghost (amateur DsDe)
  3365 | D:4      | Reached XP level 6. HP: 45/45 MP: 4/10
  3678 | D:4      | Reached skill level 6 in Conjurations
  4206 | D:5      | Entered Level 5 of the Dungeon
  4316 | D:5      | Found a staircase to the Ecumenical Temple.
  4423 | D:5      | Found a shimmering blue altar of Sif Muna.
  4432 | D:5      | Got Sif Muna's Disquisition on the Mountains
  4434 | D:5      | Got Sif Muna's Catalogue of Black Arts
  4436 | D:5      | Got Sif Muna's Tome of Translocation
  4531 | D:5      | Reached skill level 7 in Conjurations
  4531 | D:5      | Your scales start taking on a golden yellow colour.
  4531 | D:5      | Reached XP level 7. HP: 50/50 MP: 1/11
  4531 | D:5      | Gained mutation: You are resistant to acid. (rCorr) [Yellow
                  | Draconian growth]
  4584 | Temple   | Entered the Ecumenical Temple
  4712 | Temple   | Became a worshipper of Gozag Ym Sagoz the Greedy
  5298 | D:5      | Reached skill level 8 in Conjurations
  5937 | D:6      | Reached skill level 9 in Conjurations
  5937 | D:6      | Reached XP level 8. HP: 57/57 MP: 8/12
  6188 | D:6      | You fall into a shaft and drop 2 floors!
  6188 | D:8      | Noticed a hornet
  6194 | D:8      | Killed a hornet
  6195 | D:8      | Reached skill level 10 in Conjurations
  6463 | D:8      | Reached skill level 11 in Conjurations
  6508 | D:7      | Noticed a hornet
  6523 | D:7      | Killed a hornet
  6524 | D:7      | Reached XP level 9. HP: 5/62 MP: 2/13
  7070 | D:7      | Reached skill level 12 in Conjurations
  7797 | D:6      | Found Jeisacw's Book Emporium.
  7801 | D:6      | Identified the +4 leather armour "Ximoblix" {+Inv rPois
                  | Int+2 SInv}
  8533 | D:7      | Found a glowing golden altar of the Shining One.
  8533 | D:7      | Found a bloodstained altar of Trog.
  9032 | D:8      | Identified the +4 scale mail of Waoprie {rC+ rN++ MP-9
                  | Str+3}
  9147 | D:8      | Noticed a deep elf pyromancer
  9163 | D:8      | Killed from afar by a deep elf pyromancer

Illustrated notes

Levels and vault maps discovered:
D:1:      evilmike_arrival_crescent, layout_loops_ring
D:2:      layout_loops_ring, dreamdust_ecumenical_altar_sealed_demon,
          hangedman_decor_lopped, st_stairs_9
D:3:      layout_basic, serial_shops, shop
D:4:      layout_basic, gammafunk_ghost_grave
D:5:      layout_loops_ring, nicolae_sif_muna_little_library,
          minmay_temple_entry_overgrown, skrybe_limestone_x,
          kennysheep_generic_room_7
D:6:      layout_cave_pods, serial_shops, nicolae_shop_stone,
          grunt_decor_junction
D:7:      layout_basic, mainiacjoe_overflow_divided_tiny, serial_corexii_hall,
          corexii_hall_statues_u, corexii_hall_statues_l, grunt_ministairs_7
D:8:      layout_rooms, zin_scriptorium, serial_undead, serial_undead_c,
          serial_undead_e, serial_undead_e, serial_undead_d,
          minmay_fractal_squares_5
Temple:   compressed_dpeg_circular_temple

Skill      XL: |  1  2  3  4  5  6  7  8  9 |
---------------+----------------------------+-----
Dodging        | 2 |  2.0
Conjurations   | 2 4 5 7 9 11 12 | 12.8
Spellcasting   | 3 |  3.0
Stealth        | |  1.7
Fire Magic     | |  3.0

Action                   |  1- 3 |  4- 6 |  7- 9 || total
-------------------------+-------+-------+-------++-------
Melee: Dagger            |    51 |    28 |    50 ||   129
       Tailslap          |     3 |       |    10 ||    13
 Cast: Foxfire           |    47 |    39 |   135 ||   221
       Scorch            |       |    19 |    34 ||    53
       Flame Wave        |       |       |     3 ||     3
 Abil: Breathe Acid      |       |       |     6 ||     6
Evoke: Wand              |       |     1 |     1 ||     2
  Use: Scroll            |       |     2 |    11 ||    13
       Potion            |       |       |     4 ||     4
Armor: Skin              |    11 |    23 |    55 ||    89
Dodge: Dodged            |    35 |    23 |    66 ||   124

Table legend: (Time is in decaauts)
 A = Elapsed time spent in this place.
 B = Non-inter-level travel time spent in this place.
 C = Inter-level travel time spent in this place.
 D = Time resting spent in this place.
 E = Time spent auto-exploring this place.
 F = Levels seen in this place.
 G = Mean time per level.
                   A        B        C        D        E       F      G
               +--------+--------+--------+--------+--------+-----+--------+
         Total |   9167 |   8830 |    337 |    534 |   7325 |   9 | 1018.6 |
       Dungeon |   9005 |   8702 |    303 |    534 |   7264 |   8 | 1125.6 |
        Temple |    161 |    128 |     33 |      0 |     61 |   1 |  161.0 |
               +--------+--------+--------+--------+--------+-----+--------+

Top non-repeatable levels by time:
     D:7: 1819 daAuts
     D:6: 1487 daAuts
     D:4: 1147 daAuts
     D:2: 1099 daAuts
     D:5: 1038 daAuts
     D:1: 991 daAuts
     D:3: 967 daAuts
     D:8: 454 daAuts
  Temple: 161 daAuts
